 Dungeon Crawl Stone Soup version 0.16-a0-421-gd787d97 (webtiles) character file.

34 Kashira the Insei (level 3, -1/26 HPs)
             Began as a Merfolk Transmuter on Sept 15, 2014.
             Slain by a kobold
             ... wielding a +0 short sword
              (2 damage)
             ... on Level 2 of the Dungeon.
             The game lasted 00:03:52 (1337 turns).

Kashira the Insei (Merfolk Transmuter)              Turns: 1337, Time: 00:03:52

HP  -1/26        AC  2     Str 10      XL: 3   Next: 31%
MP  13/15        EV 13     Int 13      God:
Gold 55          SH  0     Dex 14      Spells:  2 memorised,  2 levels left

rFire  . . .     SeeInvis .     f - +0 club
rCold  . . .     Clarity  .     c - +0 robe
rNeg   . . .     rCorr    .     (no shield)
rPois  .         rRot     .     (no helmet)
rElec  .         Spirit   .     (no cloak)
SustAb .         Warding  .     (no gloves)
rMut   .         Stasis   .     (no boots)
Gourm  .                        (no amulet)
MR     .....                    (no ring)
                                g - ring of magical power

@: about to teleport, not resistant to hostile enchantments, very unstealthy
A: change form in water, swift swim
a: no special abilities


You were on level 2 of the Dungeon.
You were not hungry.

You visited 1 branch of the dungeon, and saw 2 of its levels.

You collected 55 gold pieces.

Inventory:

Hand weapons
 f - a +0 club (weapon)
Missiles
 b - 12 arrows
Armour
 c - a +0 robe (worn)
Comestibles
 a - a bread ration
 k - a meat ration
 q - a chunk of hobgoblin flesh
Scrolls
 l - a scroll of magic mapping {unknown}
 m - a scroll of immolation {unknown}
Jewellery
 g - a ring of magical power (left hand)
Potions
 e - 2 potions of agility {unknown}
 h - a potion of mutation {unknown}
 i - a potion of lignification {unknown}
 j - a potion of heal wounds {unknown}
 n - a potion of might {unknown}
 p - a potion of curing {unknown}
Books
 d - a book of Changes

   Spells                             Type                      Level
   *Beastly Appendage                 Transmutation                1
   Sticks to Snakes                   Transmutation                2
   *Spider Form                       Transmutation/Poison         3
   Ice Form                           Ice/Transmutation            4
   Blade Hands                        Transmutation                5


   Skills:
 - Level 1.1 Fighting
 - Level 2.9 Dodging
 - Level 3.8 Unarmed Combat
 - Level 2.2 Spellcasting
 * Level 3.6 Transmutations


You had 2 spell levels left.
You knew the following spells:

 Your Spells              Type           Power        Failure   Level  Hunger
a - Beastly Appendage     Trmt           ##....       8%          1    ##.....
b - Spider Form           Trmt/Pois      #.........   38%         3    ####...


Dungeon Overview and Level Annotations

Branches:
Dungeon (2/15)

Altars:
Okawaru


Message History

A giant newt comes into view.
You hit the giant cockroach.
The giant cockroach is poisoned.
The giant cockroach is almost dead.
You kill the giant cockroach!
A kobold comes into view. It is wielding a short sword.
You bite the worm!
The worm is poisoned.
The worm is moderately wounded.
A hobgoblin comes into view. It is wielding a club.
Found a scroll labeled GADDA MICO.
You barely miss the kobold. The kobold hits you but does no damage.
You closely miss the kobold. The kobold closely misses you. The worm bites you!
* * * LOW HITPOINT WARNING * * *
You closely miss the kobold. The kobold misses you.
Read which item? (? for menu, Esc to quit)
As you read the scroll labeled GHEAF SKYGU, it crumbles to dust.
You feel strangely unstable.
It was a scroll of teleportation.
Your transformation has ended.
Your +0 club unmelds from your body.
Your +0 robe unmelds from your body.
The kobold hits you with a short sword.
You die...

##### ###....####
..........###############
.............lww@Kg.....?
..........##########.)###
###....#).##
..#######g.#######
......w!ww).....%.
...<.....#....####
###.####....#...#
#.....###(.##.. ##....#
#.# .


You could see 2 worms, a hobgoblin, a kobold and a giant newt.

Vanquished Creatures
  An ooze (D:1)
  2 giant cockroaches
  3 hobgoblins
  2 jackals (D:1)
  4 bats (D:1)
  2 giant newts (D:1)
  9 goblins
  3 kobolds (D:1)
  5 rats
31 creatures vanquished.

Notes
Turn   | Place    | Note
--------------------------------------------------------------
     0 | D:1      | Kashira, the Merfolk Transmuter, began the quest for the Orb.
     0 | D:1      | Reached XP level 1. HP: 15/15 MP: 3/3
   160 | D:1      | Reached XP level 2. HP: 7/21 MP: 2/4
   700 | D:1      | Reached XP level 3. HP: 17/26 MP: 6/6
   815 | D:1      | Found an iron altar of Okawaru.
   847 | D:1      | Learned a level 3 spell: Spider Form
  1335 | D:2      | HP: 1/26 [worm (11)]
  1337 | D:2      | Slain by a kobold

Action                   || total
-------------------------++-------
Melee: Unarmed           ||    18
       Club              ||    73
 Cast: Beastly Appendage ||    18
       Spider Form       ||     1
  Use: Scroll            ||     1
  Eat: Chunk             ||     2
